Map: Temple gelé

Players

zidar

  • Race: Zerg Zerg
  • League: Gold
  • Spawn Location: 11:00

Toxik - Winner!

  • Race: Protoss Protoss
  • League: Gold
  • Spawn Location: 5:00

VOD

Have the link to the VOD?

Description

Time

  • Played on: May 16, 2016, 2:50 p.m.
  • Length: 10:29
Show
View Real Time Build Order
Export as new Build Order

zidar Zerg 

Build Orders: Pool First 

Get SALT Encoding   

  12  0:02  Drone  
  13  0:12  Overlord  
  13  0:18  Drone  
  14  0:30  Drone x2  
  14  0:34  Drone  
  17  0:47  Spawning Pool  
  17  0:49  Drone  
  17  1:12  Hatchery  
  17  1:16  Drone  
  17  1:34  Queen  
  17  1:35  Extractor  
  17  1:36  Drone  
  17  1:38  Drone  
  20  1:42  Overlord  
  20  1:51  Drone  
  21  1:58  Drone  
  22  2:10  Queen, Drone  
  25  2:24  Zergling x2  
  26  2:35  Metabolic Boost  
  25  2:38  Drone x3  
  28  2:44  Roach Warren  
  28  2:48  Queen  
  29  2:54  Drone x2  
  31  2:59  Overlord  
  31  3:06  Drone x2  
  33  3:21  Extractor  
  33  3:23  Lair  
  32  3:36  Roach  
  32  3:37  Roach  
  32  3:40  Zergling x14  
  43  3:46  Zergling x2  
  44  3:56  Overlord x2  
  43  4:34  Hydralisk Den  
  42  4:42  Hatchery  
  41  4:58  Pneumatized Carapace  
  41  5:05  Zergling x24  
  53  5:15  Evolution Chamber  
  53  5:18  Evolution Chamber  
  51  5:28  Infestation Pit  
  50  5:46  Queen  
  52  5:53  Zerg Ground Armor Level 1  
  52  5:54  Zerg Melee Weapons Level 1  
  52  5:58  Muscular Augments  
  52  6:04  Drone  
  52  6:05  Drone  
  52  6:07  Drone  
  57  6:32  Drone x7  
  62  6:44  Extractor  
  62  6:46  Extractor  
  60  6:58  Hive  
  60  7:14  Drone x5  
  65  7:26  Overlord x4  
  65  7:51  Spire  
  64  8:32  Roach x5  
  64  8:33  Roach x9  
  91  8:44  Drone x2  
  93  9:06  Greater Spire  
  93  9:15  Drone x5  
  98  9:18  Overlord  
  98  9:19  Overlord x2  
  94  9:45  Hydralisk x2  
  94  9:46  Hydralisk x4  
  106  9:55  Drone x4  
Show
View Real Time Build Order
Export as new Build Order

Toxik Protoss - Winner!

Build Orders:  

Get SALT Encoding   

  12  0:00  Probe (Chrono Boost)  
  13  0:11  Probe (Chrono Boost)  
  14  0:18  Pylon  
  14  0:23  Probe (Chrono Boost)  
  15  0:36  Probe (Chrono Boost)  
  15  0:38  Gateway  
  16  0:47  Probe (Chrono Boost)  
  16  0:48  Assimilator  
  17  1:02  Pylon  
  17  1:03  Probe (Chrono Boost)  
  18  1:05  Assimilator  
  18  1:13  Probe (Chrono Boost)  
  19  1:31  Probe (Chrono Boost)  
  20  1:40  Cybernetics Core  
  20  1:42  Probe (Chrono Boost)  
  20  1:45  Gateway  
  21  1:53  Zealot  
  23  1:57  Probe (Chrono Boost)  
  24  2:02  Pylon  
  24  2:07  Probe (Chrono Boost)  
  25  2:17  Probe (Chrono Boost)  
  25  2:18  Warp Gate (Chrono Boost)  
  28  2:25  Adept  
  28  2:34  Mothership Core  
  30  2:37  Stalker  
  32  2:53  Twilight Council  
  32  2:55  Probe  
  33  3:08  Probe  
  34  3:14  Nexus  
  34  3:20  Probe  
  35  3:32  Probe  
  36  3:40  Robotics Facility  
  36  3:43  Pylon  
  36  3:44  Probe  
  37  4:05  Resonating Glaives (Chrono Boost)  
  37  4:11  Sentry  
  37  4:13  Adept  
  39  4:25  Gateway  
  39  4:26  Gateway  
  39  4:31  Immortal (Chrono Boost)  
  43  4:38  Probe  
  43  4:39  Probe  
  43  4:43  Assimilator  
  43  4:45  Adept x2  
  49  4:58  Probe  
  50  5:06  Sentry x2  
  54  5:12  Immortal  
  58  5:16  Probe  
  58  5:17  Probe  
  58  5:18  Pylon  
  60  5:23  Adept  
  62  5:36  Probe, Pylon  
  62  5:38  Probe  
  64  5:43  Adept x3  
  70  5:52  Probe  
  70  5:54  Probe  
  72  5:59  Adept  
  72  6:02  Pylon  
  72  6:03  Probe  
  74  6:06  Probe  
  74  6:08  Robotics Bay  
  76  6:13  Probe  
  78  6:18  Probe  
  78  6:20  Assimilator  
  78  6:21  Observer  
  79  6:25  Probe  
  80  6:38  Pylon  
  80  6:42  Pylon  
  80  6:45  Pylon  
  80  7:01  Adept x4  
  80  7:04  Probe  
  80  7:05  Probe  
  90  7:09  Disruptor  
  93  7:20  Robotics Facility  
  93  7:28  Nexus  
  93  7:36  Dark Shrine  
  93  7:44  Adept x4  
  101  8:03  Pylon  
  101  8:04  Probe  
  101  8:05  Pylon  
  101  8:36  Pylon  
  101  8:38  Pylon  
  101  8:40  Pylon  
  101  8:47  Forge  
  101  8:52  Pylon  
  101  8:54  Disruptor x2 (Chrono Boost)  
  107  8:57  Dark Templar x4  
  115  9:24  Nexus  
  115  9:47  Dark Templar x4, Pylon  
  107  10:27  Adept x2  
  107  10:28  Adept x2  
Tags
 
League
GoldGold
Matchup
PvZ
Opening
Pool First
Spawn Locations
Cross Positions
Add a new tag
Caveats
  • Supply blocks, unpowered buildings, or Contaminate may cause inaccurate times.
  • Supply counts are checked every 10 seconds.